Workbook

Sheet GuV
A2: Businessplan: Gewinn- und Verlustrechnung auf Monatsbasis
C4: Vorjahr Ist | D4: aktuelles Jahr Plan | E4: Monat aktuelles Jahr | R4: Erläuterungen
C5: 2020 | D5: =C5+1 -> 2021 | E5: Januar | F5: Februar | G5: März | H5: April | I5: Mai | J5: Juni | K5: Juli | L5: August | M5: September | N5: Oktober | O5: November | P5: Dezember | R5: Hier können Sie Ihre Bemerkungen erfassen.
A6: Nr.: | B6: Position | C6: TEUR | D6: =C6 -> TEUR | E6: =D6 -> TEUR | F6: =E6 -> TEUR | G6: =F6 -> TEUR | H6: =G6 -> TEUR | I6: =H6 -> TEUR | J6: =I6 -> TEUR | K6: =J6 -> TEUR | ... P6: =O6 -> TEUR
A7: 1 | B7: Umsatzerlöse | C7: 150000 | D7: =SUM(E7:P7) -> 109000 | E7: 12000 | F7: 13000 | G7: 14000 | H7: 14000 | I7: 14000 | J7: 14000 | K7: 14000 | L7: 14000
A8: =A7+1 -> 2 | B8: Sonstige betriebliche Erträge | C8: 10000 | D8: =SUM(E8:P8) -> 6100 | E8: 600 | F8: 700 | G8: 800 | H8: 800 | I8: 800 | J8: 800 | K8: 800 | L8: 800
A9: =A8+1 -> 3 | B9: Materialaufwand | C9: -60000 | D9: =SUM(E9:P9) -> -38500 | E9: -4000 | F9: -4500 | G9: -5000 | H9: -5000 | I9: -5000 | J9: -5000 | K9: -5000 | L9: -5000
A10: =A9+1 -> 4 | B10: Personalaufwand | C10: -20000 | D10: =SUM(E10:P10) -> -15300 | E10: -1500 | F10: -1800 | G10: -2000 | H10: -2000 | I10: -2000 | J10: -2000 | K10: -2000 | L10: -2000
A11: =A10+1 -> 5 | B11: Sonstiger betrieblicher Aufwand | C11: -10000 | D11: =SUM(E11:P11) -> -6900 | E11: -700 | F11: -800 | G11: -900 | H11: -900 | I11: -900 | J11: -900 | K11: -900 | L11: -900
A12: =A11+1 -> 6 | B12: EBITDA | C12: =SUM(C7:C11) -> 70000 | D12: =SUM(D7:D11) -> 54400 | E12: =SUM(E7:E11) -> 6400 | F12: =SUM(F7:F11) -> 6600 | G12: =SUM(G7:G11) -> 6900 | H12: =SUM(H7:H11) -> 6900 | I12: =SUM(I7:I11) -> 6900 | J12: =SUM(J7:J11) -> 6900 | ... P12: =SUM(P7:P11) -> 0
A13: =A12+1 -> 7 | B13: Abschreibungen | C13: -15000 | D13: =SUM(E13:P13) -> -8000 | E13: -1000 | F13: -1000 | G13: -1000 | H13: -1000 | I13: -1000 | J13: -1000 | K13: -1000 | L13: -1000
A14: =A13+1 -> 8 | B14: EBIT | C14: =SUM(C12:C13) -> 55000 | D14: =SUM(D12:D13) -> 46400 | E14: =SUM(E12:E13) -> 5400 | F14: =SUM(F12:F13) -> 5600 | G14: =SUM(G12:G13) -> 5900 | H14: =SUM(H12:H13) -> 5900 | I14: =SUM(I12:I13) -> 5900 | J14: =SUM(J12:J13) -> 5900 | ... P14: =SUM(P12:P13) -> 0
A15: =A14+1 -> 9 | B15: Ergebnis aus Beteiligungen | C15: 5000 | D15: =SUM(E15:P15) -> 2250 | E15: 200 | F15: 250 | G15: 300 | H15: 300 | I15: 300 | J15: 300 | K15: 300 | L15: 300
A16: =A15+1 -> 10 | B16: Abschreibungen Finanzanlagen | D16: =SUM(E16:P16) -> -300 | J16: -200 | K16: -100
A17: =A16+1 -> 11 | B17: Zinserträge | C17: 500 | D17: =SUM(E17:P17) -> 400 | E17: 50 | F17: 50 | G17: 50 | H17: 50 | I17: 50 | J17: 50 | K17: 50 | L17: 50
A18: =A17+1 -> 12 | B18: Zinsaufwand | C18: -2500 | D18: =SUM(E18:P18) -> -1600 | E18: -200 | F18: -200 | G18: -200 | H18: -200 | I18: -200 | J18: -200 | K18: -200 | L18: -200
A19: =A18+1 -> 13 | B19: EBT | C19: =SUM(C14:C18) -> 58000 | D19: =SUM(D14:D18) -> 47150 | E19: =SUM(E14:E18) -> 5450 | F19: =SUM(F14:F18) -> 5700 | G19: =SUM(G14:G18) -> 6050 | H19: =SUM(H14:H18) -> 6050 | I19: =SUM(I14:I18) -> 6050 | J19: =SUM(J14:J18) -> 5850 | ... P19: =SUM(P14:P18) -> 0
A20: =A19+1 -> 14 | B20: EE-Steuern | C20: -17500 | D20: =SUM(E20:P20) -> -14235 | E20: -1635 | F20: -1710 | G20: -1815 | H20: -1815 | I20: -1815 | J20: -1815 | K20: -1815 | L20: -1815
A21: =A20+1 -> 15 | B21: Überschuss (Jahr / Monat) | C21: =SUM(C19:C20) -> 40500 | D21: =SUM(D19:D20) -> 32915 | E21: =SUM(E19:E20) -> 3815 | F21: =SUM(F19:F20) -> 3990 | G21: =SUM(G19:G20) -> 4235 | H21: =SUM(H19:H20) -> 4235 | I21: =SUM(I19:I20) -> 4235 | J21: =SUM(J19:J20) -> 4035 | ... P21: =SUM(P19:P20) -> 0

Sheet Bilanz
A2: Businessplan: Bilanz auf Monatsbasis
C4: Vorjahr Ist | D4: aktuelles Jahr Plan | E4: Monat aktuelles Jahr | R4: Erläuterungen
C5: =GuV!C5 -> 2020 | D5: =GuV!D5 -> 2021 | E5: =GuV!E5 -> Januar | F5: =GuV!F5 -> Februar | G5: =GuV!G5 -> März | H5: =GuV!H5 -> April | I5: =GuV!I5 -> Mai | J5: =GuV!J5 -> Juni | ... P5: =GuV!P5 -> Dezember | R5: Hier können Sie Ihre Bemerkungen erfassen.
A6: Nr.: | B6: Position | C6: =GuV!C6 -> TEUR | D6: =GuV!D6 -> TEUR | E6: =GuV!E6 -> TEUR | F6: =GuV!F6 -> TEUR | G6: =GuV!G6 -> TEUR | H6: =GuV!H6 -> TEUR | I6: =GuV!I6 -> TEUR | J6: =GuV!J6 -> TEUR | ... P6: =GuV!P6 -> TEUR
A7: 1 | B7: Immaterielle Vermögensgegenstände | C7: 54100 | D7: {=INDIRECT("Z"&ROW()&"S"&SUMPRODUCT(MAX(($E7:$P7<>"")*COLUMN($E7:$P7))),FALSE)} -> 52000 | E7: 54000 | F7: 54300 | G7: 54100 | H7: 54100 | I7: 54100 | J7: 54100 | K7: 54100 | L7: 54100 | M7: 52000
A8: =A7+1 -> 2 | B8: Sachanlagen | C8: 8000 | D8: {=INDIRECT("Z"&ROW()&"S"&SUMPRODUCT(MAX(($E8:$P8<>"")*COLUMN($E8:$P8))),FALSE)} -> 8000 | E8: 10000 | F8: 10000 | G8: 10000 | H8: 10000 | I8: 10000 | J8: 10000 | K8: 10000 | L8: 10000 | M8: 8000
A9: =A8+1 -> 3 | B9: Finanzanlagen | C9: 1000 | D9: {=INDIRECT("Z"&ROW()&"S"&SUMPRODUCT(MAX(($E9:$P9<>"")*COLUMN($E9:$P9))),FALSE)} -> 2500 | E9: 1000 | F9: 1000 | G9: 1000 | H9: 2000 | I9: 2000 | J9: 2000 | K9: 2000 | L9: 2000 | M9: 2500
A10: =A9+1 -> 4 | B10: Anlagevermögen | C10: =SUM(C7:C9) -> 63100 | D10: =SUM(D7:D9) -> 62500 | E10: =SUM(E7:E9) -> 65000 | F10: =SUM(F7:F9) -> 65300 | G10: =SUM(G7:G9) -> 65100 | H10: =SUM(H7:H9) -> 66100 | I10: =SUM(I7:I9) -> 66100 | J10: =SUM(J7:J9) -> 66100 | ... P10: =SUM(P7:P9) -> 0
A11: =A10+1 -> 5 | B11: Vorräte | C11: 2000 | D11: {=INDIRECT("Z"&ROW()&"S"&SUMPRODUCT(MAX(($E11:$P11<>"")*COLUMN($E11:$P11))),FALSE)} -> 3000 | E11: 2100 | F11: 2000 | G11: 2000 | H11: 4300 | I11: 2000 | J11: 2000 | K11: 2000 | L11: 2000 | M11: 3000
A12: =A11+1 -> 6 | B12: Forderungen | C12: 1000 | D12: {=INDIRECT("Z"&ROW()&"S"&SUMPRODUCT(MAX(($E12:$P12<>"")*COLUMN($E12:$P12))),FALSE)} -> 1000 | E12: 1000 | F12: 1200 | G12: 1000 | H12: 1000 | I12: 1000 | J12: 1000 | K12: 1000 | L12: 1000 | M12: 1000
A13: =A12+1 -> 7 | B13: Sonstige Vermögensgegenstände | C13: 500 | D13: {=INDIRECT("Z"&ROW()&"S"&SUMPRODUCT(MAX(($E13:$P13<>"")*COLUMN($E13:$P13))),FALSE)} -> 300 | E13: 300 | F13: 500 | G13: 500 | H13: 300 | I13: 300 | J13: 300 | K13: 300 | L13: 300 | M13: 300
A14: =A13+1 -> 8 | B14: Wertpapiere | C14: 200 | D14: {=INDIRECT("Z"&ROW()&"S"&SUMPRODUCT(MAX(($E14:$P14<>"")*COLUMN($E14:$P14))),FALSE)} -> 200 | E14: 200 | F14: 200 | G14: 200 | H14: 200 | I14: 200 | J14: 200 | K14: 200 | L14: 200 | M14: 200
A15: =A14+1 -> 9 | B15: Liquide Mittel | C15: 200 | D15: {=INDIRECT("Z"&ROW()&"S"&SUMPRODUCT(MAX(($E15:$P15<>"")*COLUMN($E15:$P15))),FALSE)} -> 200 | E15: 300 | F15: 200 | G15: 200 | H15: 200 | I15: 200 | J15: 200 | K15: 200 | L15: 200 | M15: 200
A16: =A15+1 -> 10 | B16: Umlaufvermögen | C16: =SUM(C11:C15) -> 3900 | D16: =SUM(D11:D15) -> 4700 | E16: =SUM(E11:E15) -> 3900 | F16: =SUM(F11:F15) -> 4100 | G16: =SUM(G11:G15) -> 3900 | H16: =SUM(H11:H15) -> 6000 | I16: =SUM(I11:I15) -> 3700 | J16: =SUM(J11:J15) -> 3700 | ... P16: =SUM(P11:P15) -> 0
A17: =A16+1 -> 11 | B17: Bilanzsumme Aktiva | C17: =C10+C16 -> 67000 | D17: =D10+D16 -> 67200 | E17: =E10+E16 -> 68900 | F17: =F10+F16 -> 69400 | G17: =G10+G16 -> 69000 | H17: =H10+H16 -> 72100 | I17: =I10+I16 -> 69800 | J17: =J10+J16 -> 69800 | ... P17: =P10+P16 -> 0
A18: =A17+1 -> 12 | B18: Eigenkapital | C18: 60000 | D18: {=INDIRECT("Z"&ROW()&"S"&SUMPRODUCT(MAX(($E18:$P18<>"")*COLUMN($E18:$P18))),FALSE)} -> 60000 | E18: 60000 | F18: 60000 | G18: 60000 | H18: 60000 | I18: 60000 | J18: 60000 | K18: 60000 | L18: 60000 | M18: 60000
A19: 12.a | B19: davon Jahresüberschuss | C19: =GuV!C21 -> 40500 | D19: =GuV!D21 -> 32915
A20: =A18+1 -> 13 | B20: kurzfristige Rückstellungen | C20: 1600 | D20: {=INDIRECT("Z"&ROW()&"S"&SUMPRODUCT(MAX(($E20:$P20<>"")*COLUMN($E20:$P20))),FALSE)} -> 500 | E20: 3600 | F20: 4100 | G20: 4000 | H20: 5650 | I20: 2600 | J20: 2600 | K20: 2100 | L20: 2100 | M20: 500
A21: =A20+1 -> 14 | B21: langfristige Rückstellungen | C21: 2000 | D21: {=INDIRECT("Z"&ROW()&"S"&SUMPRODUCT(MAX(($E21:$P21<>"")*COLUMN($E21:$P21))),FALSE)} -> 900 | E21: 2400 | F21: 2600 | G21: 2800 | H21: 3950 | I21: 4700 | J21: 4700 | K21: 4700 | L21: 1900 | M21: 900
A22: =A21+1 -> 15 | B22: Verbindlichkeiten aus Lieferungen und Leistungen | C22: 500 | D22: {=INDIRECT("Z"&ROW()&"S"&SUMPRODUCT(MAX(($E22:$P22<>"")*COLUMN($E22:$P22))),FALSE)} -> 3800 | E22: 600 | F22: 500 | G22: 500 | H22: 500 | I22: 500 | J22: 500 | K22: 1000 | L22: 3800 | M22: 3800
A23: =A22+1 -> 16 | B23: Sonstige Verbindlichkeiten | C23: 1100 | D23: {=INDIRECT("Z"&ROW()&"S"&SUMPRODUCT(MAX(($E23:$P23<>"")*COLUMN($E23:$P23))),FALSE)} -> 800 | E23: 900 | F23: 1000 | G23: 700 | H23: 800 | I23: 800 | J23: 800 | K23: 800 | L23: 800 | M23: 800
A24: =A23+1 -> 17 | B24: Anleihen und langfristige Kredite | C24: 1800 | D24: {=INDIRECT("Z"&ROW()&"S"&SUMPRODUCT(MAX(($E24:$P24<>"")*COLUMN($E24:$P24))),FALSE)} -> 1200 | E24: 1400 | F24: 1200 | G24: 1000 | H24: 1200 | I24: 1200 | J24: 1200 | K24: 1200 | L24: 1200 | M24: 1200
A25: =A24+1 -> 18 | B25: Bilanzsumme Passiva | C25: =SUM(C18,C20:C24) -> 67000 | D25: =SUM(D18,D20:D24) -> 67200 | E25: =SUM(E18,E20:E24) -> 68900 | F25: =SUM(F18,F20:F24) -> 69400 | G25: =SUM(G18,G20:G24) -> 69000 | H25: =SUM(H18,H20:H24) -> 72100 | I25: =SUM(I18,I20:I24) -> 69800 | J25: =SUM(J18,J20:J24) -> 69800 | ... P25: =SUM(P18,P20:P24) -> 0
B29: KONTROLLE: AKTIVA - PASSIVA | C29: =C17-C25 -> 0 | D29: =D17-D25 -> 0 | E29: =E17-E25 -> 0 | F29: =F17-F25 -> 0 | G29: =G17-G25 -> 0 | H29: =H17-H25 -> 0 | I29: =I17-I25 -> 0 | J29: =J17-J25 -> 0 | ... P29: =P17-P25 -> 0

Sheet Bewegungsbilanz
A2: Businessplan: Bewegungsbilanz für Monate im Vergleich zum Vorjahr
A4: Hinweis: Die Monatswerte ergeben sich jeweils aus der Differenz des jeweiligen Monats und dem 31.12. des Vorjahres. | C4: Vorjahr Ist | D4: Monat aktuelles Jahr | Q4: Erläuterungen
C5: =Bilanz!C5 -> 2020 | D5: =Bilanz!E5 -> Januar | E5: =Bilanz!F5 -> Februar | F5: =Bilanz!G5 -> März | G5: =Bilanz!H5 -> April | H5: =Bilanz!I5 -> Mai | I5: =Bilanz!J5 -> Juni | J5: =Bilanz!K5 -> Juli | K5: =Bilanz!L5 -> August | ... O5: =Bilanz!P5 -> Dezember | Q5: Hier können Sie Ihre Bemerkungen erfassen.
A6: Nr.: | B6: Position | C6: =Bilanz!C6 -> TEUR | D6: =Bilanz!D6 -> TEUR | E6: =Bilanz!E6 -> TEUR | F6: =Bilanz!F6 -> TEUR | G6: =Bilanz!G6 -> TEUR | H6: =Bilanz!H6 -> TEUR | I6: =Bilanz!I6 -> TEUR | J6: =Bilanz!J6 -> TEUR | ... O6: =Bilanz!O6 -> TEUR
A7: 1 | B7: Immaterielle Vermögensgegenstände | C7: =Bilanz!C7 -> 54100 | D7: =IF(Bilanz!E7="","",Bilanz!E7-Bilanz!$C7) -> -100 | E7: =IF(Bilanz!F7="","",Bilanz!F7-Bilanz!$C7) -> 200 | F7: =IF(Bilanz!G7="","",Bilanz!G7-Bilanz!$C7) -> 0 | G7: =IF(Bilanz!H7="","",Bilanz!H7-Bilanz!$C7) -> 0 | H7: =IF(Bilanz!I7="","",Bilanz!I7-Bilanz!$C7) -> 0 | I7: =IF(Bilanz!J7="","",Bilanz!J7-Bilanz!$C7) -> 0 | J7: =IF(Bilanz!K7="","",Bilanz!K7-Bilanz!$C7) -> 0 | K7: =IF(Bilanz!L7="","",Bilanz!L7-Bilanz!$C7) -> 0 | ... O7: =IF(Bilanz!P7="","",Bilanz!P7-Bilanz!$C7)
A8: =A7+1 -> 2 | B8: Sachanlagen | C8: =Bilanz!C8 -> 8000 | D8: =IF(Bilanz!E8="","",Bilanz!E8-Bilanz!$C8) -> 2000 | E8: =IF(Bilanz!F8="","",Bilanz!F8-Bilanz!$C8) -> 2000 | F8: =IF(Bilanz!G8="","",Bilanz!G8-Bilanz!$C8) -> 2000 | G8: =IF(Bilanz!H8="","",Bilanz!H8-Bilanz!$C8) -> 2000 | H8: =IF(Bilanz!I8="","",Bilanz!I8-Bilanz!$C8) -> 2000 | I8: =IF(Bilanz!J8="","",Bilanz!J8-Bilanz!$C8) -> 2000 | J8: =IF(Bilanz!K8="","",Bilanz!K8-Bilanz!$C8) -> 2000 | K8: =IF(Bilanz!L8="","",Bilanz!L8-Bilanz!$C8) -> 2000 | ... O8: =IF(Bilanz!P8="","",Bilanz!P8-Bilanz!$C8)
A9: =A8+1 -> 3 | B9: Finanzanlagen | C9: =Bilanz!C9 -> 1000 | D9: =IF(Bilanz!E9="","",Bilanz!E9-Bilanz!$C9) -> 0 | E9: =IF(Bilanz!F9="","",Bilanz!F9-Bilanz!$C9) -> 0 | F9: =IF(Bilanz!G9="","",Bilanz!G9-Bilanz!$C9) -> 0 | G9: =IF(Bilanz!H9="","",Bilanz!H9-Bilanz!$C9) -> 1000 | H9: =IF(Bilanz!I9="","",Bilanz!I9-Bilanz!$C9) -> 1000 | I9: =IF(Bilanz!J9="","",Bilanz!J9-Bilanz!$C9) -> 1000 | J9: =IF(Bilanz!K9="","",Bilanz!K9-Bilanz!$C9) -> 1000 | K9: =IF(Bilanz!L9="","",Bilanz!L9-Bilanz!$C9) -> 1000 | ... O9: =IF(Bilanz!P9="","",Bilanz!P9-Bilanz!$C9)
A10: =A9+1 -> 4 | B10: Anlagevermögen | C10: =SUM(C7:C9) -> 63100 | D10: =SUM(D7:D9) -> 1900 | E10: =SUM(E7:E9) -> 2200 | F10: =SUM(F7:F9) -> 2000 | G10: =SUM(G7:G9) -> 3000 | H10: =SUM(H7:H9) -> 3000 | I10: =SUM(I7:I9) -> 3000 | J10: =SUM(J7:J9) -> 3000 | ... O10: =SUM(O7:O9) -> 0
A11: =A10+1 -> 5 | B11: Vorräte | C11: =Bilanz!C11 -> 2000 | D11: =IF(Bilanz!E11="","",Bilanz!E11-Bilanz!$C11) -> 100 | E11: =IF(Bilanz!F11="","",Bilanz!F11-Bilanz!$C11) -> 0 | F11: =IF(Bilanz!G11="","",Bilanz!G11-Bilanz!$C11) -> 0 | G11: =IF(Bilanz!H11="","",Bilanz!H11-Bilanz!$C11) -> 2300 | H11: =IF(Bilanz!I11="","",Bilanz!I11-Bilanz!$C11) -> 0 | I11: =IF(Bilanz!J11="","",Bilanz!J11-Bilanz!$C11) -> 0 | J11: =IF(Bilanz!K11="","",Bilanz!K11-Bilanz!$C11) -> 0 | K11: =IF(Bilanz!L11="","",Bilanz!L11-Bilanz!$C11) -> 0 | ... O11: =IF(Bilanz!P11="","",Bilanz!P11-Bilanz!$C11)
A12: =A11+1 -> 6 | B12: Forderungen aus Lieferungen u. Leistungen | C12: =Bilanz!C12 -> 1000 | D12: =IF(Bilanz!E12="","",Bilanz!E12-Bilanz!$C12) -> 0 | E12: =IF(Bilanz!F12="","",Bilanz!F12-Bilanz!$C12) -> 200 | F12: =IF(Bilanz!G12="","",Bilanz!G12-Bilanz!$C12) -> 0 | G12: =IF(Bilanz!H12="","",Bilanz!H12-Bilanz!$C12) -> 0 | H12: =IF(Bilanz!I12="","",Bilanz!I12-Bilanz!$C12) -> 0 | I12: =IF(Bilanz!J12="","",Bilanz!J12-Bilanz!$C12) -> 0 | J12: =IF(Bilanz!K12="","",Bilanz!K12-Bilanz!$C12) -> 0 | K12: =IF(Bilanz!L12="","",Bilanz!L12-Bilanz!$C12) -> 0 | ... O12: =IF(Bilanz!P12="","",Bilanz!P12-Bilanz!$C12)
A13: =A12+1 -> 7 | B13: Sonstige Vermögensgegenstände | C13: =Bilanz!C13 -> 500 | D13: =IF(Bilanz!E13="","",Bilanz!E13-Bilanz!$C13) -> -200 | E13: =IF(Bilanz!F13="","",Bilanz!F13-Bilanz!$C13) -> 0 | F13: =IF(Bilanz!G13="","",Bilanz!G13-Bilanz!$C13) -> 0 | G13: =IF(Bilanz!H13="","",Bilanz!H13-Bilanz!$C13) -> -200 | H13: =IF(Bilanz!I13="","",Bilanz!I13-Bilanz!$C13) -> -200 | I13: =IF(Bilanz!J13="","",Bilanz!J13-Bilanz!$C13) -> -200 | J13: =IF(Bilanz!K13="","",Bilanz!K13-Bilanz!$C13) -> -200 | K13: =IF(Bilanz!L13="","",Bilanz!L13-Bilanz!$C13) -> -200 | ... O13: =IF(Bilanz!P13="","",Bilanz!P13-Bilanz!$C13)
A14: =A13+1 -> 8 | B14: Wertpapiere | C14: =Bilanz!C14 -> 200 | D14: =IF(Bilanz!E14="","",Bilanz!E14-Bilanz!$C14) -> 0 | E14: =IF(Bilanz!F14="","",Bilanz!F14-Bilanz!$C14) -> 0 | F14: =IF(Bilanz!G14="","",Bilanz!G14-Bilanz!$C14) -> 0 | G14: =IF(Bilanz!H14="","",Bilanz!H14-Bilanz!$C14) -> 0 | H14: =IF(Bilanz!I14="","",Bilanz!I14-Bilanz!$C14) -> 0 | I14: =IF(Bilanz!J14="","",Bilanz!J14-Bilanz!$C14) -> 0 | J14: =IF(Bilanz!K14="","",Bilanz!K14-Bilanz!$C14) -> 0 | K14: =IF(Bilanz!L14="","",Bilanz!L14-Bilanz!$C14) -> 0 | ... O14: =IF(Bilanz!P14="","",Bilanz!P14-Bilanz!$C14)
A15: =A14+1 -> 9 | B15: Liquide Mittel | C15: =Bilanz!C15 -> 200 | D15: =IF(Bilanz!E15="","",Bilanz!E15-Bilanz!$C15) -> 100 | E15: =IF(Bilanz!F15="","",Bilanz!F15-Bilanz!$C15) -> 0 | F15: =IF(Bilanz!G15="","",Bilanz!G15-Bilanz!$C15) -> 0 | G15: =IF(Bilanz!H15="","",Bilanz!H15-Bilanz!$C15) -> 0 | H15: =IF(Bilanz!I15="","",Bilanz!I15-Bilanz!$C15) -> 0 | I15: =IF(Bilanz!J15="","",Bilanz!J15-Bilanz!$C15) -> 0 | J15: =IF(Bilanz!K15="","",Bilanz!K15-Bilanz!$C15) -> 0 | K15: =IF(Bilanz!L15="","",Bilanz!L15-Bilanz!$C15) -> 0 | ... O15: =IF(Bilanz!P15="","",Bilanz!P15-Bilanz!$C15)
A16: =A15+1 -> 10 | B16: Umlaufvermögen | C16: =SUM(C11:C15) -> 3900 | D16: =SUM(D11:D15) -> 0 | E16: =SUM(E11:E15) -> 200 | F16: =SUM(F11:F15) -> 0 | G16: =SUM(G11:G15) -> 2100 | H16: =SUM(H11:H15) -> -200 | I16: =SUM(I11:I15) -> -200 | J16: =SUM(J11:J15) -> -200 | ... O16: =SUM(O11:O15) -> 0
A17: =A16+1 -> 11 | B17: BILANZSUMME AKTIVA | C17: =C10+C16 -> 67000 | D17: =D10+D16 -> 1900 | E17: =E10+E16 -> 2400 | F17: =F10+F16 -> 2000 | G17: =G10+G16 -> 5100 | H17: =H10+H16 -> 2800 | I17: =I10+I16 -> 2800 | J17: =J10+J16 -> 2800 | ... O17: =O10+O16 -> 0
A18: =A17+1 -> 12 | B18: Eigenkapital | C18: =Bilanz!C18 -> 60000 | D18: =IF(Bilanz!E18="","",Bilanz!E18-Bilanz!$C18) -> 0 | E18: =IF(Bilanz!F18="","",Bilanz!F18-Bilanz!$C18) -> 0 | F18: =IF(Bilanz!G18="","",Bilanz!G18-Bilanz!$C18) -> 0 | G18: =IF(Bilanz!H18="","",Bilanz!H18-Bilanz!$C18) -> 0 | H18: =IF(Bilanz!I18="","",Bilanz!I18-Bilanz!$C18) -> 0 | I18: =IF(Bilanz!J18="","",Bilanz!J18-Bilanz!$C18) -> 0 | J18: =IF(Bilanz!K18="","",Bilanz!K18-Bilanz!$C18) -> 0 | K18: =IF(Bilanz!L18="","",Bilanz!L18-Bilanz!$C18) -> 0 | ... O18: =IF(Bilanz!P18="","",Bilanz!P18-Bilanz!$C18)
A19: =A18+1 -> 13 | B19: kurzfristige Rückstellungen | C19: =Bilanz!C20 -> 1600 | D19: =IF(Bilanz!E20="","",Bilanz!E20-Bilanz!$C20) -> 2000 | E19: =IF(Bilanz!F20="","",Bilanz!F20-Bilanz!$C20) -> 2500 | F19: =IF(Bilanz!G20="","",Bilanz!G20-Bilanz!$C20) -> 2400 | G19: =IF(Bilanz!H20="","",Bilanz!H20-Bilanz!$C20) -> 4050 | H19: =IF(Bilanz!I20="","",Bilanz!I20-Bilanz!$C20) -> 1000 | I19: =IF(Bilanz!J20="","",Bilanz!J20-Bilanz!$C20) -> 1000 | J19: =IF(Bilanz!K20="","",Bilanz!K20-Bilanz!$C20) -> 500 | K19: =IF(Bilanz!L20="","",Bilanz!L20-Bilanz!$C20) -> 500 | ... O19: =IF(Bilanz!P20="","",Bilanz!P20-Bilanz!$C20)
A20: =A19+1 -> 14 | B20: langfristige Rückstellungen | C20: =Bilanz!C21 -> 2000 | D20: =IF(Bilanz!E21="","",Bilanz!E21-Bilanz!$C21) -> 400 | E20: =IF(Bilanz!F21="","",Bilanz!F21-Bilanz!$C21) -> 600 | F20: =IF(Bilanz!G21="","",Bilanz!G21-Bilanz!$C21) -> 800 | G20: =IF(Bilanz!H21="","",Bilanz!H21-Bilanz!$C21) -> 1950 | H20: =IF(Bilanz!I21="","",Bilanz!I21-Bilanz!$C21) -> 2700 | I20: =IF(Bilanz!J21="","",Bilanz!J21-Bilanz!$C21) -> 2700 | J20: =IF(Bilanz!K21="","",Bilanz!K21-Bilanz!$C21) -> 2700 | K20: =IF(Bilanz!L21="","",Bilanz!L21-Bilanz!$C21) -> -100 | ... O20: =IF(Bilanz!P21="","",Bilanz!P21-Bilanz!$C21)
A21: =A20+1 -> 15 | B21: Verbindlichkeiten aus Lieferungen und Leistungen | C21: =Bilanz!C22 -> 500 | D21: =IF(Bilanz!E22="","",Bilanz!E22-Bilanz!$C22) -> 100 | E21: =IF(Bilanz!F22="","",Bilanz!F22-Bilanz!$C22) -> 0 | F21: =IF(Bilanz!G22="","",Bilanz!G22-Bilanz!$C22) -> 0 | G21: =IF(Bilanz!H22="","",Bilanz!H22-Bilanz!$C22) -> 0 | H21: =IF(Bilanz!I22="","",Bilanz!I22-Bilanz!$C22) -> 0 | I21: =IF(Bilanz!J22="","",Bilanz!J22-Bilanz!$C22) -> 0 | J21: =IF(Bilanz!K22="","",Bilanz!K22-Bilanz!$C22) -> 500 | K21: =IF(Bilanz!L22="","",Bilanz!L22-Bilanz!$C22) -> 3300 | ... O21: =IF(Bilanz!P22="","",Bilanz!P22-Bilanz!$C22)
A22: =A21+1 -> 16 | B22: sonst. Verbindlichkeiten | C22: =Bilanz!C23 -> 1100 | D22: =IF(Bilanz!E23="","",Bilanz!E23-Bilanz!$C23) -> -200 | E22: =IF(Bilanz!F23="","",Bilanz!F23-Bilanz!$C23) -> -100 | F22: =IF(Bilanz!G23="","",Bilanz!G23-Bilanz!$C23) -> -400 | G22: =IF(Bilanz!H23="","",Bilanz!H23-Bilanz!$C23) -> -300 | H22: =IF(Bilanz!I23="","",Bilanz!I23-Bilanz!$C23) -> -300 | I22: =IF(Bilanz!J23="","",Bilanz!J23-Bilanz!$C23) -> -300 | J22: =IF(Bilanz!K23="","",Bilanz!K23-Bilanz!$C23) -> -300 | K22: =IF(Bilanz!L23="","",Bilanz!L23-Bilanz!$C23) -> -300 | ... O22: =IF(Bilanz!P23="","",Bilanz!P23-Bilanz!$C23)
A23: =A22+1 -> 17 | B23: Anleihen und langfristige Kredite | C23: =Bilanz!C24 -> 1800 | D23: =IF(Bilanz!E24="","",Bilanz!E24-Bilanz!$C24) -> -400 | E23: =IF(Bilanz!F24="","",Bilanz!F24-Bilanz!$C24) -> -600 | F23: =IF(Bilanz!G24="","",Bilanz!G24-Bilanz!$C24) -> -800 | G23: =IF(Bilanz!H24="","",Bilanz!H24-Bilanz!$C24) -> -600 | H23: =IF(Bilanz!I24="","",Bilanz!I24-Bilanz!$C24) -> -600 | I23: =IF(Bilanz!J24="","",Bilanz!J24-Bilanz!$C24) -> -600 | J23: =IF(Bilanz!K24="","",Bilanz!K24-Bilanz!$C24) -> -600 | K23: =IF(Bilanz!L24="","",Bilanz!L24-Bilanz!$C24) -> -600 | ... O23: =IF(Bilanz!P24="","",Bilanz!P24-Bilanz!$C24)
A24: =A23+1 -> 18 | B24: BILANZSUMME PASSIVA | C24: =SUM(C18:C23) -> 67000 | D24: =SUM(D18:D23) -> 1900 | E24: =SUM(E18:E23) -> 2400 | F24: =SUM(F18:F23) -> 2000 | G24: =SUM(G18:G23) -> 5100 | H24: =SUM(H18:H23) -> 2800 | I24: =SUM(I18:I23) -> 2800 | J24: =SUM(J18:J23) -> 2800 | ... O24: =SUM(O18:O23) -> 0
B26: KONTROLLE: ATIVA - PASSIVA | C26: =C17-C24 -> 0 | D26: =D17-D24 -> 0 | E26: =E17-E24 -> 0 | F26: =F17-F24 -> 0 | G26: =G17-G24 -> 0 | H26: =H17-H24 -> 0 | I26: =I17-I24 -> 0 | J26: =J17-J24 -> 0 | ... O26: =O17-O24 -> 0

Sheet Kapitalflussrechnung
A2: Businessplan: Kapitalflussrechnung für Monate
A4: Hinweis: Die Monatswerte ergeben sich jeweils aus dem Wert des jeweiligen Monats und - soweit relevant - aus dem Vergleich mit dem 31.12. des Vorjahres bzw. aus der Bewegungsbilanz. | C4: aktuelles Jahr Plan | D4: Monat aktuelles Jahr | Q4: Erläuterungen
C5: =GuV!D5 -> 2021 | D5: =GuV!E5 -> Januar | E5: =GuV!F5 -> Februar | F5: =GuV!G5 -> März | G5: =GuV!H5 -> April | H5: =GuV!I5 -> Mai | I5: =GuV!J5 -> Juni | J5: =GuV!K5 -> Juli | ... O5: =GuV!P5 -> Dezember | Q5: Hier können Sie Ihre Bemerkungen erfassen.
A6: Nr.: | B6: Position | C6: =GuV!D6 -> TEUR | D6: =C6 -> TEUR | E6: =D6 -> TEUR | F6: =E6 -> TEUR | G6: =F6 -> TEUR | H6: =G6 -> TEUR | I6: =H6 -> TEUR | J6: =I6 -> TEUR | K6: =J6 -> TEUR | ... O6: =N6 -> TEUR
A7: 1 | B7: Jahresüberschuss | C7: =GuV!D21 -> 32915 | D7: =GuV!E21 -> 3815 | E7: =GuV!F21 -> 3990 | F7: =GuV!G21 -> 4235 | G7: =GuV!H21 -> 4235 | H7: =GuV!I21 -> 4235 | I7: =GuV!J21 -> 4035 | J7: =GuV!K21 -> 4135 | ... O7: =GuV!P21 -> 0 | S7: =PROPER(B7) -> Jahresüberschuss
A8: =A7+1 -> 2 | B8: Abschreibungen auf Sachanlagen | C8: =GuV!D13*-1 -> 8000 | D8: =GuV!E13*-1 -> 1000 | E8: =GuV!F13*-1 -> 1000 | F8: =GuV!G13*-1 -> 1000 | G8: =GuV!H13*-1 -> 1000 | H8: =GuV!I13*-1 -> 1000 | I8: =GuV!J13*-1 -> 1000 | J8: =GuV!K13*-1 -> 1000 | ... O8: =GuV!P13*-1 -> 0 | S8: =PROPER(B8) -> Abschreibungen Auf Sachanlagen
A9: =A8+1 -> 3 | B9: Abschreibungen auf Finanzanlagen | C9: =GuV!D16*-1 -> 300 | D9: =GuV!E16*-1 -> 0 | E9: =GuV!F16*-1 -> 0 | F9: =GuV!G16*-1 -> 0 | G9: =GuV!H16*-1 -> 0 | H9: =GuV!I16*-1 -> 0 | I9: =GuV!J16*-1 -> 200 | J9: =GuV!K16*-1 -> 100 | ... O9: =GuV!P16*-1 -> 0 | S9: =PROPER(B9) -> Abschreibungen Auf Finanzanlagen
A10: =A9+1 -> 4 | B10: Zuführung/Auflösung langfristiger Rückstellungen | C10: =Bilanz!D21-Bilanz!C21 -> -1100 | D10: =Bewegungsbilanz!D20 -> 400 | E10: =Bewegungsbilanz!E20 -> 600 | F10: =Bewegungsbilanz!F20 -> 800 | G10: =Bewegungsbilanz!G20 -> 1950 | H10: =Bewegungsbilanz!H20 -> 2700 | I10: =Bewegungsbilanz!I20 -> 2700 | J10: =Bewegungsbilanz!J20 -> 2700 | K10: =Bewegungsbilanz!K20 -> -100 | ... O10: =Bewegungsbilanz!O20 | S10: =PROPER(B10) -> Zuführung/Auflösung Langfristiger Rückstellungen
A11: =A10+1 -> 5 | B11: Sonstige Anpassungen | S11: =PROPER(B11) -> Sonstige Anpassungen
A12: =A11+1 -> 6 | B12: Cash-Flow | C12: =SUM(C7:C11) -> 40115 | D12: =SUM(D7:D11) -> 5215 | E12: =SUM(E7:E11) -> 5590 | F12: =SUM(F7:F11) -> 6035 | G12: =SUM(G7:G11) -> 7185 | H12: =SUM(H7:H11) -> 7935 | I12: =SUM(I7:I11) -> 7935 | J12: =SUM(J7:J11) -> 7935 | ... O12: =SUM(O7:O11) -> 0 | S12: =PROPER(B12) -> Cash-Flow
A13: =A12+1 -> 7 | B13: Veränderungen der Vorräte | C13: =-(Bilanz!D11-Bilanz!C11) -> -1000 | D13: =IFERROR(-Bewegungsbilanz!D11,"") -> -100 | E13: =IFERROR(-Bewegungsbilanz!E11,"") -> 0 | F13: =IFERROR(-Bewegungsbilanz!F11,"") -> 0 | G13: =IFERROR(-Bewegungsbilanz!G11,"") -> -2300 | H13: =IFERROR(-Bewegungsbilanz!H11,"") -> 0 | I13: =IFERROR(-Bewegungsbilanz!I11,"") -> 0 | J13: =IFERROR(-Bewegungsbilanz!J11,"") -> 0 | K13: =IFERROR(-Bewegungsbilanz!K11,"") -> 0 | ... O13: =IFERROR(-Bewegungsbilanz!O11,"") | S13: =PROPER(B13) -> Veränderungen Der Vorräte
A14: =A13+1 -> 8 | B14: Veränderung der Forderung aus Lieferungen und Leistungen | C14: =-(Bilanz!D12-Bilanz!C12) -> 0 | D14: =IFERROR(-Bewegungsbilanz!D12,"") -> 0 | E14: =IFERROR(-Bewegungsbilanz!E12,"") -> -200 | F14: =IFERROR(-Bewegungsbilanz!F12,"") -> 0 | G14: =IFERROR(-Bewegungsbilanz!G12,"") -> 0 | H14: =IFERROR(-Bewegungsbilanz!H12,"") -> 0 | I14: =IFERROR(-Bewegungsbilanz!I12,"") -> 0 | J14: =IFERROR(-Bewegungsbilanz!J12,"") -> 0 | K14: =IFERROR(-Bewegungsbilanz!K12,"") -> 0 | ... O14: =IFERROR(-Bewegungsbilanz!O12,"") | S14: =PROPER(B14) -> Veränderung Der Forderung Aus Lieferungen Und Leistungen
A15: =A14+1 -> 9 | B15: Veränderung der sonstigen Vermögensgegenstände | C15: =-(Bilanz!D13-Bilanz!C13) -> 200 | D15: =IFERROR(-Bewegungsbilanz!D13,"") -> 200 | E15: =IFERROR(-Bewegungsbilanz!E13,"") -> 0 | F15: =IFERROR(-Bewegungsbilanz!F13,"") -> 0 | G15: =IFERROR(-Bewegungsbilanz!G13,"") -> 200 | H15: =IFERROR(-Bewegungsbilanz!H13,"") -> 200 | I15: =IFERROR(-Bewegungsbilanz!I13,"") -> 200 | J15: =IFERROR(-Bewegungsbilanz!J13,"") -> 200 | K15: =IFERROR(-Bewegungsbilanz!K13,"") -> 200 | ... O15: =IFERROR(-Bewegungsbilanz!O13,"") | S15: =PROPER(B15) -> Veränderung Der Sonstigen Vermögensgegenstände
A16: =A15+1 -> 10 | B16: Veränderung der Verbindlichkeiten aus Lieferungen und Leistungen | C16: =Bilanz!D22-Bilanz!C22 -> 3300 | D16: =Bewegungsbilanz!D21 -> 100 | E16: =Bewegungsbilanz!E21 -> 0 | F16: =Bewegungsbilanz!F21 -> 0 | G16: =Bewegungsbilanz!G21 -> 0 | H16: =Bewegungsbilanz!H21 -> 0 | I16: =Bewegungsbilanz!I21 -> 0 | J16: =Bewegungsbilanz!J21 -> 500 | K16: =Bewegungsbilanz!K21 -> 3300 | ... O16: =Bewegungsbilanz!O21 | S16: =PROPER(B16) -> Veränderung Der Verbindlichkeiten Aus Lieferungen Und Leistungen
A17: =A16+1 -> 11 | B17: Veränderung der kurzfristigen Rückstellungen | C17: =Bilanz!D20-Bilanz!$C20 -> -1100 | D17: =Bewegungsbilanz!D19 -> 2000 | E17: =Bewegungsbilanz!E19 -> 2500 | F17: =Bewegungsbilanz!F19 -> 2400 | G17: =Bewegungsbilanz!G19 -> 4050 | H17: =Bewegungsbilanz!H19 -> 1000 | I17: =Bewegungsbilanz!I19 -> 1000 | J17: =Bewegungsbilanz!J19 -> 500 | K17: =Bewegungsbilanz!K19 -> 500 | ... O17: =Bewegungsbilanz!O19 | S17: =PROPER(B17) -> Veränderung Der Kurzfristigen Rückstellungen
A18: =A17+1 -> 12 | B18: Veränderung der sonstigen Verbindlichkeiten | C18: =Bilanz!D23-Bilanz!$C23 -> -300 | D18: =Bewegungsbilanz!D22 -> -200 | E18: =Bewegungsbilanz!E22 -> -100 | F18: =Bewegungsbilanz!F22 -> -400 | G18: =Bewegungsbilanz!G22 -> -300 | H18: =Bewegungsbilanz!H22 -> -300 | I18: =Bewegungsbilanz!I22 -> -300 | J18: =Bewegungsbilanz!J22 -> -300 | K18: =Bewegungsbilanz!K22 -> -300 | ... O18: =Bewegungsbilanz!O22 | S18: =PROPER(B18) -> Veränderung Der Sonstigen Verbindlichkeiten
A19: =A18+1 -> 13 | B19: Sonstige Anpassungen | S19: =PROPER(B19) -> Sonstige Anpassungen
A20: =A19+1 -> 14 | B20: Mittelzufluss (+) / Mittelabfluss (-) aus operativer Geschäftstätigkeit | C20: =SUM(C12:C19) -> 41215 | D20: =SUM(D12:D19) -> 7215 | E20: =SUM(E12:E19) -> 7790 | F20: =SUM(F12:F19) -> 8035 | G20: =SUM(G12:G19) -> 8835 | H20: =SUM(H12:H19) -> 8835 | I20: =SUM(I12:I19) -> 8835 | J20: =SUM(J12:J19) -> 8835 | ... O20: =SUM(O12:O19) -> 0 | S20: =PROPER(B20) -> Mittelzufluss (+) / Mittelabfluss (-) Aus Operativer Geschäftstätigkeit
A21: =A20+1 -> 15 | B21: Investitionen in Sachanlagen | C21: =IFERROR(-((Bilanz!D8-Bilanz!$C8)-GuV!D13),"") -> -8000 | D21: =IFERROR(-(Bewegungsbilanz!D8-GuV!E13),"") -> -3000 | E21: =IFERROR(-(Bewegungsbilanz!E8-GuV!F13),"") -> -3000 | F21: =IFERROR(-(Bewegungsbilanz!F8-GuV!G13),"") -> -3000 | G21: =IFERROR(-(Bewegungsbilanz!G8-GuV!H13),"") -> -3000 | H21: =IFERROR(-(Bewegungsbilanz!H8-GuV!I13),"") -> -3000 | I21: =IFERROR(-(Bewegungsbilanz!I8-GuV!J13),"") -> -3000 | J21: =IFERROR(-(Bewegungsbilanz!J8-GuV!K13),"") -> -3000 | K21: =IFERROR(-(Bewegungsbilanz!K8-GuV!L13),"") -> -3000 | ... O21: =IFERROR(-(Bewegungsbilanz!O8-GuV!P13),"") | S21: =PROPER(B21) -> Investitionen In Sachanlagen
A22: =A21+1 -> 16 | B22: Investitionen in Finanzanlagen | C22: =IFERROR(-((Bilanz!D9-Bilanz!C9)-GuV!D16),"") -> -1800 | D22: =IFERROR(-(Bewegungsbilanz!D9-GuV!E16),"") -> 0 | E22: =IFERROR(-(Bewegungsbilanz!E9-GuV!F16),"") -> 0 | F22: =IFERROR(-(Bewegungsbilanz!F9-GuV!G16),"") -> 0 | G22: =IFERROR(-(Bewegungsbilanz!G9-GuV!H16),"") -> -1000 | H22: =IFERROR(-(Bewegungsbilanz!H9-GuV!I16),"") -> -1000 | I22: =IFERROR(-(Bewegungsbilanz!I9-GuV!J16),"") -> -1200 | J22: =IFERROR(-(Bewegungsbilanz!J9-GuV!K16),"") -> -1100 | K22: =IFERROR(-(Bewegungsbilanz!K9-GuV!L16),"") -> -1000 | ... O22: =IFERROR(-(Bewegungsbilanz!O9-GuV!P16),"") | S22: =PROPER(B22) -> Investitionen In Finanzanlagen
A23: =A22+1 -> 17 | B23: Abgänge von Sachanlagen | D23: 100 | L23: 2000 | S23: =PROPER(B23) -> Abgänge Von Sachanlagen
A24: =A23+1 -> 18 | B24: Abgänge von Finanzanlagen | L24: 100 | S24: =PROPER(B24) -> Abgänge Von Finanzanlagen
A25: =A24+1 -> 19 | B25: Sonstige Anpassungen | S25: =PROPER(B25) -> Sonstige Anpassungen
A26: =A25+1 -> 20 | B26: Mittelzufluss (+) / Mittelabfluss (-) aus Investitionstätigkeit | C26: =SUM(C21:C25) -> -9800 | D26: =SUM(D21:D25) -> -2900 | E26: =SUM(E21:E25) -> -3000 | F26: =SUM(F21:F25) -> -3000 | G26: =SUM(G21:G25) -> -4000 | H26: =SUM(H21:H25) -> -4000 | I26: =SUM(I21:I25) -> -4200 | J26: =SUM(J21:J25) -> -4100 | ... O26: =SUM(O21:O25) -> 0 | S26: =PROPER(B26) -> Mittelzufluss (+) / Mittelabfluss (-) Aus Investitionstätigkeit
A27: =A26+1 -> 21 | B27: Dividenden | C27: =-(-(Bilanz!D18-Bilanz!$C18)+GuV!D21) -> -32915 | D27: =IFERROR(-(-Bewegungsbilanz!D18+GuV!E21),"") -> -3815 | E27: =IFERROR(-(-Bewegungsbilanz!E18+GuV!F21),"") -> -3990 | F27: =IFERROR(-(-Bewegungsbilanz!F18+GuV!G21),"") -> -4235 | G27: =IFERROR(-(-Bewegungsbilanz!G18+GuV!H21),"") -> -4235 | H27: =IFERROR(-(-Bewegungsbilanz!H18+GuV!I21),"") -> -4235 | I27: =IFERROR(-(-Bewegungsbilanz!I18+GuV!J21),"") -> -4035 | J27: =IFERROR(-(-Bewegungsbilanz!J18+GuV!K21),"") -> -4135 | K27: =IFERROR(-(-Bewegungsbilanz!K18+GuV!L21),"") -> -4235 | ... O27: =IFERROR(-(-Bewegungsbilanz!O18+GuV!P21),"") | S27: =PROPER(B27) -> Dividenden
A28: =A27+1 -> 22 | B28: Aufnahme (+) /Tilgung (-) von Anleihen und langfristigen Krediten | C28: =Bilanz!D24-Bilanz!$C24 -> -600 | D28: =Bewegungsbilanz!D23 -> -400 | E28: =Bewegungsbilanz!E23 -> -600 | F28: =Bewegungsbilanz!F23 -> -800 | G28: =Bewegungsbilanz!G23 -> -600 | H28: =Bewegungsbilanz!H23 -> -600 | I28: =Bewegungsbilanz!I23 -> -600 | J28: =Bewegungsbilanz!J23 -> -600 | K28: =Bewegungsbilanz!K23 -> -600 | ... O28: =Bewegungsbilanz!O23 | S28: =PROPER(B28) -> Aufnahme (+) /Tilgung (-) Von Anleihen Und Langfristigen Krediten
A29: =A28+1 -> 23 | B29: Sonstige Anpassungen | E29: -300 | S29: =PROPER(B29) -> Sonstige Anpassungen
A30: =A29+1 -> 24 | B30: Mittelzufluss (+) / Mittelabfluss (-) aus Finanzierung | C30: =SUM(C27:C29) -> -33515 | D30: =SUM(D27:D29) -> -4215 | E30: =SUM(E27:E29) -> -4890 | F30: =SUM(F27:F29) -> -5035 | G30: =SUM(G27:G29) -> -4835 | H30: =SUM(H27:H29) -> -4835 | I30: =SUM(I27:I29) -> -4635 | J30: =SUM(J27:J29) -> -4735 | ... O30: =SUM(O27:O29) -> 0 | S30: =PROPER(B30) -> Mittelzufluss (+) / Mittelabfluss (-) Aus Finanzierung
S31: =PROPER(B31)
A32: =A30+1 -> 25 | B32: Veränderung Liquide Mittel (incl. Wertpapiere) | C32: =C20+C26+C30 -> -2100 | D32: =D20+D26+D30 -> 100 | E32: =E20+E26+E30 -> -100 | F32: =F20+F26+F30 -> 0 | G32: =G20+G26+G30 -> 0 | H32: =H20+H26+H30 -> 0 | I32: =I20+I26+I30 -> 0 | J32: =J20+J26+J30 -> 0 | ... O32: =O20+O26+O30 -> 0 | S32: =PROPER(B32) -> Veränderung Liquide Mittel (Incl. Wertpapiere)
S33: =PROPER(B33)
B34: Fondsänderungsnachweis | C34: =C5 -> 2021 | D34: =D5 -> Januar | E34: =E5 -> Februar | F34: =F5 -> März | G34: =G5 -> April | H34: =H5 -> Mai | I34: =I5 -> Juni | J34: =J5 -> Juli | ... O34: =O5 -> Dezember | S34: =PROPER(B34) -> Fondsänderungsnachweis
A35: =A32+1 -> 26 | B35: Liquide Mittel Jahres- / Monatsanfang | C35: =Bilanz!C14+Bilanz!C15 -> 400 | D35: =Bilanz!C15+Bilanz!C14 -> 400 | E35: =Bilanz!E15+Bilanz!E14 -> 500 | F35: =Bilanz!F15+Bilanz!F14 -> 400 | G35: =Bilanz!G15+Bilanz!G14 -> 400 | H35: =Bilanz!H15+Bilanz!H14 -> 400 | I35: =Bilanz!I15+Bilanz!I14 -> 400 | J35: =Bilanz!J15+Bilanz!J14 -> 400 | K35: =Bilanz!K15+Bilanz!K14 -> 400 | L35: =Bilanz!L15+Bilanz!L14 -> 400 | ... O35: =Bilanz!O15+Bilanz!O14 -> 0 | S35: =PROPER(B35) -> Liquide Mittel Jahres- / Monatsanfang
A36: =A35+1 -> 27 | B36: Liquide Mittel Jahres- / Monatsende | C36: =Bilanz!D14+Bilanz!D15 -> 400 | D36: =Bilanz!E15+Bilanz!E14 -> 500 | E36: =Bilanz!F15+Bilanz!F14 -> 400 | F36: =Bilanz!G15+Bilanz!G14 -> 400 | G36: =Bilanz!H15+Bilanz!H14 -> 400 | H36: =Bilanz!I15+Bilanz!I14 -> 400 | I36: =Bilanz!J15+Bilanz!J14 -> 400 | J36: =Bilanz!K15+Bilanz!K14 -> 400 | K36: =Bilanz!L15+Bilanz!L14 -> 400 | ... O36: =Bilanz!P15+Bilanz!P14 -> 0 | S36: =PROPER(B36) -> Liquide Mittel Jahres- / Monatsende
A37: =A36+1 -> 28 | B37: Veränderung Liquide Mittel | C37: =C36-C35 -> 0 | D37: =D36-D35 -> 100 | E37: =E36-E35 -> -100 | F37: =F36-F35 -> 0 | G37: =G36-G35 -> 0 | H37: =H36-H35 -> 0 | I37: =I36-I35 -> 0 | J37: =J36-J35 -> 0 | ... O37: =O36-O35 -> 0 | S37: =PROPER(B37) -> Veränderung Liquide Mittel
A38: =A37+1 -> 29 | B38: Abstimmung | C38: =C32-C37 -> -2100 | D38: =D32-D37 -> 0 | E38: =E32-E37 -> 0 | F38: =F32-F37 -> 0 | G38: =G32-G37 -> 0 | H38: =H32-H37 -> 0 | I38: =I32-I37 -> 0 | J38: =J32-J37 -> 0 | ... O38: =O32-O37 -> 0 | S38: =PROPER(B38) -> Abstimmung
